 Dungeon Crawl Stone Soup version 0.17-a0-1446-gc28613e (webtiles) character file.

350 patman the Chiller (level 6, -2/36 HPs)
             Began as an Octopode Ice Elementalist on June 28, 2015.
             Slain by a worker ant (5 damage)
             ... on level 4 of the Dungeon.
             The game lasted 00:07:23 (3855 turns).

patman the Chiller (Octopode Ice Elementalist)      Turns: 3855, Time: 00:07:23

Health: -2/36      AC:  6    Str:  7    XL:     6   Next: 61%
Magic:  3/9        EV: 12    Int: 18    God:
Gold:   144        SH:  0    Dex: 14    Spells: 3 memorised, 1 level left

rFire  . . .     SeeInvis .     r - +0 flail (protect)
rCold  . . .     Clarity  .     (no shield)
rNeg   . . .     SustAt   .     d - +0 hat
rPois  .         Gourm    .     (no amulet)
rElec  .         Spirit   .     (no ring)
rCorr  .         Warding  .     (no ring)
rMut   .         Stasis   .     (no ring)
MR     .....                    (no ring)
Stlth  +++.......               (no ring)
                                (no ring)
                                (no ring)
                                (no ring)

@: lethally poisoned (-2 -> -9), not resistant to hostile enchantments, fairly
stealthy
A: almost no armour, amphibious, 8 rings, constrict 8, camouflage 1, gelatinous
body 1
a: no special abilities


You were on level 4 of the Dungeon.
You were hungry.

You visited 1 branch of the dungeon, and saw 4 of its levels.

You collected 144 gold pieces.

Inventory:

Hand weapons
 a - a +1 hammer of protection
 l - a +0 dagger
 m - a +2 quarterstaff of chaos
 r - a +0 flail of protection (weapon)
 s - a +0 blowgun
Missiles
 t - 10 poisoned needles
Armour
 d - a +0 hat (worn)
Jewellery
 h - an uncursed ring of teleportation
Scrolls
 e - 2 scrolls of amnesia
 i - a scroll of remove curse
 k - a scroll of magic mapping {unknown}
 u - a scroll of random uselessness {unknown}
 y - 2 scrolls of enchant weapon {unknown}
Potions
 c - a potion of might
 j - a potion of beneficial mutation {unknown}
 o - a potion of haste {unknown}
 p - a potion of agility {unknown}
 q - a potion of invisibility {unknown}
 v - 5 potions of curing {unknown}
 w - a potion of magic {unknown}
 z - a potion of cancellation {unknown}
Books
 g - a book of Frost

   Spells                             Type                      Level
   a - Freeze                         Ice                          1
   b - Throw Frost                    Conjuration/Ice              2
   c - Ozocubu's Armour               Charms/Ice                   3
   d - Throw Icicle                   Conjuration/Ice              4
   e - Summon Ice Beast               Ice/Summoning                4
   f - Condensation Shield            Ice                          4
Comestibles
 b - 4 bread rations
 f - 2 beef jerkies
 n - a royal jelly
 x - 2 chunks of flesh


   Skills:
 - Level 2.0 Dodging
 - Level 2.6 Stealth
 - Level 2.0 Spellcasting
   Level 1.0 Conjurations
 + Level 7.2 Ice Magic


You had one spell level left.
You knew the following spells:

 Your Spells              Type           Power        Failure   Level  Hunger
a - Freeze                Ice            ####         1%          1    #......
i - Summon Ice Beast      Ice/Summ       ##......     41%         4    #####..
O - Ozocubu's Armour      Chrm/Ice       ##......     14%         3    ###....


Dungeon Overview and Level Annotations

Branches:
Dungeon (4/15)
 Temple: D:4-7

Altars:
Cheibriados
Xom


Innate Abilities, Weirdness & Mutations

You cannot wear most types of armour.
You are amphibious.
You can wear up to eight rings at the same time.
You can use your tentacles to constrict eight enemies at once.
Your skin changes colour to match your surroundings (Stealth).
Your rubbery body absorbs attacks (AC +1).


Message History

Aim: Blork the orc, wielding a glaive of flaming and wearing a robe (severely wounded, constricted by you, fast)
You freeze Blork the orc.
Blork the orc is almost dead.
You constrict Blork the orc. Blork the orc barely misses you.
The worker ant closely misses you. The goblin hits you with a dagger.
* * * LOW HITPOINT WARNING * * *
Unknown command.
Casting: Freeze
Confirm with . or Enter, or press ? or * to list all spells.
Aiming: Freeze
Press: ? - help, Shift-Dir - straight line, f/p - Blork the orc
Aim: Blork the orc, wielding a glaive of flaming and wearing a robe (almost dead, constricted by you, fast)
You freeze Blork the orc.
You kill Blork the orc!
Your Ice Magic skill increases to level 7!
The worker ant bites you.
* * * LOW HITPOINT WARNING * * *
You are lethally poisoned!
The worker ant poisons you! The worker ant bites you.
You die...

#.######
#......############
#####........#..... #
#..........#.....
..######..........#.....
.......#................
........................
.......#g...............
......a@................
#.##..).................
............#####.......
##..........# ##......
#....##.#.## #......
#.... #.#.# .......
...... ..... .......
...... #. ..


You could see a worker ant and a goblin.

Vanquished Creatures
  Blork the orc (D:4)
  The ghost of patman the Sneak, a weakling VSAs of Ru (D:3)
  A hound (D:4)
  Crazy Yiuf (D:2)
  Ijyb (D:3)
  Natasha (twice) (D:3)
  5 adders
  6 worms
  A giant gecko (D:4)
  An orc (D:3)
  A ball python (D:1)
  8 goblins
  7 hobgoblins
  A quokka (D:3)
  6 bats
  3 giant cockroaches
  5 giant newts
  4 jackals (D:2)
  11 kobolds
  8 rats
74 creatures vanquished.

Notes
Turn   | Place    | Note
--------------------------------------------------------------
     0 | D:1      | patman the Octopode Ice Elementalist began the quest for the Orb.
     0 | D:1      | Reached XP level 1. HP: 11/11 MP: 3/3
   689 | D:1      | Reached XP level 2. HP: 17/17 MP: 5/5
   867 | D:1      | Reached skill level 4 in Ice Magic
   997 | D:1      | Reached XP level 3. HP: 8/21 MP: 6/6
  1085 | D:1      | You fall through a shaft!
  1202 | D:2      | Noticed Crazy Yiuf
  1208 | D:2      | HP: 1/21 [Crazy Yiuf/quarterstaff of chaos (5)]
  1209 | D:2      | Killed Crazy Yiuf
  1209 | D:2      | Reached XP level 4. HP: 1/27 MP: 3/7
  1500 | D:2      | Learned a level 3 spell: Ozocubu's Armour
  1511 | D:2      | Found a snail-covered altar of Cheibriados.
  1550 | D:2      | Reached skill level 5 in Ice Magic
  1699 | D:2      | Found a shimmering altar of Xom.
  2362 | D:3      | Noticed patman's ghost (weakling VSAs)
  2674 | D:3      | Killed patman's ghost
  2674 | D:3      | Reached XP level 5. HP: 24/31 MP: 4/8
  2922 | D:3      | Reached skill level 6 in Ice Magic
  3037 | D:3      | Noticed Natasha
  3051 | D:3      | Killed Natasha
  3367 | D:3      | Learned a level 4 spell: Summon Ice Beast
  3710 | D:3      | Noticed Ijyb
  3711 | D:3      | Noticed Natasha
  3717 | D:3      | Killed Natasha
  3729 | D:3      | Killed Ijyb
  3729 | D:3      | Reached XP level 6. HP: 31/36 MP: 3/9
  3845 | D:4      | Noticed Blork the orc
  3855 | D:4      | Killed Blork the orc
  3855 | D:4      | Reached skill level 7 in Ice Magic
  3855 | D:4      | Slain by a worker ant

Vault maps used:
D:1:      minmay_arrival_up_and_down
D:2:      nicolae_overflow_hidden_temple, lemuel_round_altar,
          uniq_crazy_yiuf_cottage
D:3:      first_bread, uniq_iyjb, uniq_natasha
D:4:      grunt_qazlal_clouds, uniq_blork_the_orc

Action                   |  1- 3 |  4- 6 || total
-------------------------+-------+-------++-------
Melee: Unarmed           |    11 |       ||    11
       Dagger            |    26 |       ||    26
       Hammer            |     3 |    50 ||    53
       Flail             |       |    84 ||    84
 Cast: Freeze            |     4 |    23 ||    27
       Ozocubu's Armour  |       |     6 ||     6
  Use: Scroll            |       |     5 ||     5
       Potion            |       |     1 ||     1
 Stab: Sleeping          |     8 |    11 ||    19
       Distracted        |     2 |       ||     2
  Eat: Chunk             |     1 |     7 ||     8
       Beef jerky        |       |     1 ||     1
